 Dungeon Crawl Stone Soup version 0.27-a0-249-g74f53ef629 (webtiles) character file.

Game seed: 7987162727656800895

319 gimp the Digger (level 6, -2/36 (38) HPs)
             Began as an Octopode Earth Elementalist on Feb 3, 2021.
             Was an Initiate of Sif Muna.
             Slain by a wight
             ... wielding a cursed +0 dire flail
              (14 damage)
             ... on level 5 of the Dungeon.
             The game lasted 00:11:58 (4496 turns).

gimp the Digger (Octopode Earth Elementalist)       Turns: 4496, Time: 00:11:59

HP:   -2/36 (38)    AC:  1    Str:  8    XL:     6   Next: 46%
MP:   1/9           EV: 13    Int: 19    God:    Sif Muna [......]
Gold: 137           SH:  5    Dex: 12    Spells: 5/9 levels left

rFire    . . .     SeeInvis .   a - +2 dagger (venom)
rCold    . . .     Faith    .   (no shield)
rNeg     . . .     Spirit   .   (helmet restricted)
rPois    .         Reflect  +   p - amulet of reflection
rElec    .         Harm     .   q - ring of willpower
rCorr    +         Rampage  .   m - ring of resist corrosion
Will     +....                  (no ring)
Stlth    +++.......             (no ring)
HPRegen  0.12/turn              (no ring)
MPRegen  0.11/turn              (no ring)
                                (no ring)
                                (no ring)

@: drained
A: almost no armour, stealthy swim, amphibious, 8 rings, constrict 8, camouflage
1, gelatinous body 1
a: Renounce Religion


You were on level 5 of the Dungeon.
You worshipped Sif Muna.
Sif Muna was noncommittal.
You visited 2 branches of the dungeon, and saw 6 of its levels.

You collected 137 gold pieces.

Inventory:

Hand Weapons
 a - a +2 dagger of venom (weapon)
Missiles
 b - 40 stones
Jewellery
 m - a ring of resist corrosion (right tentacle)
 p - an amulet of reflection (around mantle)
 q - a ring of willpower (left tentacle)
 r - a +6 ring of intelligence {unknown}
Wands
 g - a wand of charming (10)
Scrolls
 d - a scroll of magic mapping {unknown}
 f - 3 scrolls of remove curse
 h - 3 scrolls of fog {unknown}
 j - 2 scrolls of teleportation {unknown}
 l - 2 scrolls of immolation {unknown}
Potions
 c - a potion of magic
 e - 2 potions of heal wounds
 i - 2 potions of might {unknown}
 k - a potion of brilliance {unknown}
 n - 2 potions of curing
 o - a potion of lignification


   Skills:
 - Level 1.0 Fighting
 - Level 2.0 Dodging
 - Level 2.6 Stealth
 - Level 2.0 Spellcasting
 * Level 3.7 Conjurations
 - Level 1.0 Transmutations
 * Level 5.6 Earth Magic


You had 5 spell levels left.
You knew the following spells:

 Your Spells              Type           Power        Failure   Level
a - Sandblast             Erth           46%          1%          1
b - Stone Arrow           Conj/Erth      38%          8%          3

Your spell library contained the following spells:

 Spells                   Type           Power        Failure   Level
 Passwall                 Tmut/Erth      11%          7%          2
 Petrify                  Tmut/Erth      14%          41%         4
 Lee's Rapid Deconstruct  Erth           11%          43%         5


Dungeon Overview and Level Annotations

Branches:
Dungeon (5/15)             Temple (1/1) D:4

Altars:
Ashenzari
Cheibriados
Dithmenos
Fedhas
Gozag
Hepliaklqana
Kikubaaqudgha
Makhleb
Nemelex Xobeh
Ru
Sif Muna
Trog
Uskayaw
Vehumet
Xom
Yredelemnul
Zin


Innate Abilities, Weirdness & Mutations

You cannot wear most types of armour.
You are very stealthy in the water. (Stealth+)
You are amphibious.
You can wear up to eight rings at the same time.
You can use your tentacles to constrict eight enemies at once.
Your skin changes colour to match your surroundings (Stealth+).
Your rubbery body absorbs attacks. (AC +1, EV +1)


Message History

The wight closely misses you.
Casting: Sandblast (safe; 1% risk of failure)
Confirm with . or Enter, or press ? or * to list all spells.
Aiming: Stone Arrow (dangerous; 8% risk of failure)
Press: ? - help, Shift-Dir - straight line, f - wight
Aim: a wight, wielding a +0 dire flail and wearing a +0 robe (moderately damaged, 32% to evade)
The stone arrow misses the wight.
The wight hits you with a cursed +0 dire flail!
You feel drained.
You take 7 damage, and have 18/36 hp.
You now have 4/9 mp.
Casting: Stone Arrow (dangerous; 8% risk of failure)
Confirm with . or Enter, or press ? or * to list all spells.
Aiming: Stone Arrow (dangerous; 8% risk of failure)
Press: ? - help, Shift-Dir - straight line, f/p - wight
Aim: a wight, wielding a +0 dire flail and wearing a +0 robe (moderately damaged, 32% to evade)
The stone arrow misses the wight.
The wight hits you with a cursed +0 dire flail!
You take 6 damage, and have 12/36 hp.
You now have 1/9 mp.
The wight hits you with a cursed +0 dire flail!
You die...

.. .# ##.# #.. ##.# #.)##
###########...##
##..##........z.#
##.......#.#.#.#@##
#.................#
##.....#.#.#.#.#..#
#..####..........#####
##..###.#.#.#.#......###########
##..#....................>.....
##....#.#.#.#..###############
##...........## #..###
##...###....# ##....##


You could see a wight.

Vanquished Creatures
  An ogre (D:4)
  A wight (D:5)
  2 orc wizards
  Robin (D:3)
  2 adders (D:2)
  2 worms
  3 dart slugs
  5 leopard geckos
  10 orcs
  4 bats
  4 giant cockroaches
  19 goblins
  12 hobgoblins
  4 kobolds
  2 quokkas
  3 ball pythons
  4 frilled lizards
  8 rats
87 creatures vanquished.

Notes
Turn   | Place    | Note
-------+----------+-------------------------------------------
     0 | D:1      | gimp the Octopode Earth Elementalist began the quest for
                  | the Orb.
     0 | D:1      | Reached XP level 1. HP: 11/11 MP: 3/3
   245 | D:1      | Reached XP level 2. HP: 18/18 MP: 3/5
   306 | D:1      | Reached skill level 1 in Fighting
   533 | D:1      | Reached XP level 3. HP: 23/23 MP: 3/6
   537 | D:1      | Learned a level 3 spell: Stone Arrow
   756 | D:2      | Reached skill level 4 in Earth Magic
  1009 | D:2      | Reached skill level 1 in Conjurations
  1281 | D:2      | Reached XP level 4. HP: 28/28 MP: 0/7
  1811 | D:3      | Found a bloodstained altar of Trog.
  2188 | D:3      | Noticed Robin
  2496 | D:3      | Killed Robin
  2497 | D:3      | Reached XP level 5. HP: 28/33 MP: 5/8
  2938 | D:3      | Noticed an angel
  2939 | D:3      | Found a glowing silver altar of Zin.
  2989 | D:4      | Found a staircase to the Ecumenical Temple.
  2995 | Temple   | Entered the Ecumenical Temple
  3230 | Temple   | Became a worshipper of Sif Muna the Loreminder
  3660 | D:4      | Noticed an ogre
  3666 | D:4      | Killed an ogre
  3667 | D:4      | Reached skill level 5 in Earth Magic
  3667 | D:4      | Reached XP level 6. HP: 38/38 MP: 5/9
  3709 | D:4      | Found a snail-covered altar of Cheibriados.
  4117 | D:5      | Entered Level 5 of the Dungeon
  4496 | D:5      | Slain by a wight

Illustrated notes

Levels and vault maps discovered:
D:1:      psy_arrival_statuary, layout_rooms, st_stairs_9,
          minmay_misc_feat_more_columns
D:2:      layout_loops_ring
D:3:      layout_basic, nicolae_overflow_crystal_walls, zin_angel, uniq_robin
D:4:      layout_basic, minmay_temple_entry_hall, kennysheep_slug_shrine
D:5:      layout_cave_pods, serial_glass, glass_columns_c, glass_columns_a,
          glass_columns_a
Temple:   dpeg_chambers_temple

Skill      XL: |  1  2  3  4  5 |
---------------+----------------+-----
Fighting       | 1 |  1.0
Earth Magic    | 4 5 |  5.6
Conjurations   | 1 2 3 |  3.7
Dodging        | |  2.0
Stealth        | |  2.6
Spellcasting   | |  2.0
Transmutations | |  1.0

Action                   |  1- 3 |  4- 6 || total
-------------------------+-------+-------++-------
Melee: Dagger            |     8 |    48 ||    56
       Constrict         |     4 |    14 ||    18
       Tentacles         |     4 |     9 ||    13
 Cast: Sandblast         |    49 |    53 ||   102
       Stone Arrow       |       |     2 ||     2
  Use: Scroll            |       |     6 ||     6
Armor: Skin              |       |     1 ||     1
Dodge: Dodged            |    11 |    24 ||    35
Block: Other             |       |    11 ||    11

Table legend: (Time is in decaauts)
 A = Elapsed time spent in this place.
 B = Non-inter-level travel time spent in this place.
 C = Inter-level travel time spent in this place.
 D = Time resting spent in this place.
 E = Time spent auto-exploring this place.
 F = Levels seen in this place.
 G = Mean time per level.
                   A        B        C        D        E       F      G
               +--------+--------+--------+--------+--------+-----+--------+
         Total |   4493 |   4349 |    144 |     84 |   3644 |   6 |  748.8 |
       Dungeon |   4244 |   4139 |    105 |     84 |   3439 |   5 |  848.8 |
        Temple |    248 |    209 |     39 |      0 |    205 |   1 |  248.0 |
               +--------+--------+--------+--------+--------+-----+--------+

Top non-repeatable levels by time:
     D:2: 1252 daAuts
     D:3: 1099 daAuts
     D:4: 901 daAuts
     D:1: 612 daAuts
     D:5: 378 daAuts
  Temple: 248 daAuts
